 Dungeon Crawl Stone Soup version 0.20-a0-495-g2241292 (webtiles) character file.

116 Faca the Shield-Bearer (level 5, -1/42 HPs)
             Began as a Formicid Fighter on Jan 19, 2017.
             Slain by an adder (4 damage)
             ... on level 1 of the Dungeon.
             The game lasted 00:06:19 (1874 turns).

Faca the Shield-Bearer (Formicid Fighter)           Turns: 1874, Time: 00:06:19

Health: -1/42      AC:  7    Str: 20    XL:     5   Next: 20%
Magic:  5/5        EV:  8    Int:  8    God:
Gold:   84         SH: 10    Dex: 11    Spells: 4/4 levels left

rFire    . . .     SeeInvis +   a - +0 war axe
rCold    . . .     Gourm    .   b - +0 scale mail
rNeg     . . .     Faith    .   c - +1 shield
rPois    .         Spirit   .   (helmet unavailable)
rElec    .         Reflect  .   (no cloak)
rCorr    .         Harm     .   (no gloves)
MR       .....                  (no boots)
Stlth    ..........             j - amulet of inaccuracy (curse)
Regen    0.2/turn               (no ring)
                                (no ring)

@: lethally poisoned (-1 -> -1)
A: permanent stasis, dig shafts and tunnels, four strong arms, antennae 3
a: Dig, Shaft Self


You were on level 1 of the Dungeon.
You were not hungry.

You visited 1 branch of the dungeon, and saw 2 of its levels.

You collected 84 gold pieces.

Inventory:

Hand Weapons
 a - a +0 war axe (weapon)
Armour
 b - a +0 scale mail (worn)
 c - a +1 shield (worn)
Jewellery
 j - a cursed amulet of inaccuracy (around neck)
Potions
 d - a potion of might
 e - a potion of brilliance
Comestibles
 f - 2 bread rations
 h - a royal jelly
 i - 2 meat rations


   Skills:
 + Level 3.8 Fighting
 + Level 3.0 Axes
 + Level 4.2 Armour
 + Level 0.8 Dodging
 + Level 0.3 Stealth
 + Level 4.3 Shields


You had 4 spell levels left.
You didn't know any spells.

Dungeon Overview and Level Annotations

Branches:
Dungeon (2/15)

Altars:
Zin


Innate Abilities, Weirdness & Mutations

You cannot be hasted, slowed, berserked, paralysed or teleported.
You can dig through walls and to a lower floor.
Your four strong arms can wield two-handed weapons with a shield.
You have a pair of large antennae on your head. (SInv)


Message History

You closely miss the adder.
You feel sick. The adder closely misses you. You block the adder's attack.
You miss the adder. You block the adder's attack. x2
You hit the adder.
The adder is heavily wounded.
You block the adder's attack. The adder closely misses you.
You miss the adder.
The adder is heavily wounded.
You feel sick. You block the adder's attack. The adder bites you.
* * * LOW HITPOINT WARNING * * *
You closely miss the adder.
The adder is heavily wounded.
You block the adder's attack. x2
Your shield prevents you from hitting the adder.
The adder is moderately wounded.
You block the adder's attack.
Your shield and scale mail prevent you from hitting the adder.
The adder is moderately wounded.
You feel sick. The adder bites you.
You die...

#≈≈≈.≈≈≈# #...........#
##≈≈.≈≈####.###.##.##.#
###'###.##.# #.......#
##.# #.##.###..#..#.#
###..###.#............#
....##........8.....8.#
.........)..#.........#
######.####.#.........#
#.# #.....@.....### ##.##
#....S........#
##...#####.........#.#
####.....####.8.....8.#.#
).....................#.#
###.>....####...#..##.#.#
##......## ##.##.###.#.#
##.....## #...(....#.#
##.....# ##########.#


You could see an adder.

Vanquished Creatures
  3 gnolls (D:2)
  2 adders (D:2)
  An ooze (D:2)
  2 worms (D:2)
  A dart slug (D:2)
  2 leopard geckos
  A ball python (D:2)
  4 giant cockroaches (D:1)
  5 goblins
  6 hobgoblins (D:1)
  5 jackals (D:1)
  9 bats
  5 frilled lizards
  2 kobolds
  9 rats
57 creatures vanquished.

Notes
Turn   | Place    | Note
-------+----------+-------------------------------------------
     0 | D:1      | Faca the Formicid Fighter began the quest for the Orb.
     0 | D:1      | Reached XP level 1. HP: 18/18 MP: 1/1
   125 | D:1      | Reached XP level 2. HP: 24/24 MP: 2/2
   255 | D:1      | Reached XP level 3. HP: 27/29 MP: 3/3
   775 | D:2      | Found a glowing silver altar of Zin.
  1095 | D:2      | Reached XP level 4. HP: 36/37 MP: 4/4
  1789 | D:2      | Reached XP level 5. HP: 8/42 MP: 5/5
  1874 | D:1      | Slain by an adder

Vault maps used:
D:1:      minmay_arrival_semitransparent, st_stairs_1, kennysheep_flooded_box,
          grunt_decor_one_mirror, minmay_tromino_i2
D:2:      zin_academy, minmay_split_cup_small, uniq_sigmund

Skill      XL: |  1  2  3  4  5 |
---------------+----------------+-----
Shields        | 4 |  4.3
Armour         | 4 |  4.2
Axes           | 3 |  3.0
Fighting       | |  3.8
Dodging        | |  0.8
Stealth        | |  0.3

Action                   |  1- 3 |  4- 6 || total
-------------------------+-------+-------++-------
Melee: War axe           |   152 |   243 ||   395
  Use: Scroll            |     4 |     2 ||     6
       Potion            |       |     2 ||     2
  Eat: Bread ration      |     1 |       ||     1
Armor: Scale mail        |    83 |    97 ||   180
Dodge: Dodged            |    68 |    96 ||   164
Block: Shield            |    96 |   167 ||   263
